 Dungeon Crawl Stone Soup version 0.30-a0-377-g5cb311bc9f (webtiles) character file.

Game seed: 10122888405687899996

173 tio the Conjurer (level 5, 0/39 HPs)
             Began as a Draconian Conjurer on Nov 28, 2022.
             Was an Initiate of Hepliaklqana.
             Slain by an ufetubus (3 damage)
             ... on level 4 of the Dungeon.
             The game lasted 00:23:53 (2340 turns).

tio the Conjurer (Draconian Conjurer)               Turns: 2340, Time: 00:23:54

Health: 0/39       AC:  3    Str: 10    XL:     5   Next: 28%
Magic:  9/9        EV: 11    Int: 20    God:    Hepliaklqana [......]
Gold:   241        SH:  0    Dex:  9    Spells: 8/9 levels left

rFire   . . .      SeeInvis .    i - +0 quarterstaff
rCold   . . .      Faith    .    (shield currently unavailable)
rNeg    . . .      Spirit   .    (body armour unavailable)
rPois   .          Reflect  .    (helmet restricted)
rElec   .          Harm     .    n - +1 cloak
rCorr   .          Rampage  .    (no gloves)
Will    .....                    (no boots)
Stlth   ..........               d - amulet of magic regeneration
HPRegen 0.26/turn                (no ring)
MPRegen 0.51/turn                (no ring)

@: silenced, corroded
A: AC +5, unfitting armour, cold-blooded
a: Renounce Religion


You were on level 4 of the Dungeon.
You worshipped Hepliaklqana.
Hepliaklqana was noncommittal.
You visited 1 branch of the dungeon, and saw 4 of its levels.

You collected 241 gold pieces.

Inventory:

Hand Weapons
 i - a +0 quarterstaff (weapon)
Missiles
 j - 14 poisoned darts
Armour
 n - a +1 cloak (worn)
Jewellery
 d - an amulet of magic regeneration (around neck)
Scrolls
 c - 2 scrolls of immolation
 f - a scroll of noise
 m - a scroll of summoning {unknown}
 o - a scroll of fear {unknown}
 q - a scroll of torment {unknown}
Potions
 b - 2 potions of flight
 e - a potion of curing {unknown}
 h - a potion of invisibility {unknown}
 k - a potion of ambrosia {unknown}
 l - a potion of cancellation {unknown}
 p - a potion of berserk rage {unknown}


   Skills:
 + Level 0.8(0.4) Fighting
 + Level 0.2(0.1) Maces & Flails
 + Level 0.2(0.1) Staves
 + Level 1.3(0.6) Throwing
 + Level 2.2(1.1) Dodging
 + Level 1.9(0.9) Stealth
 + Level 0.1(0.0) Unarmed Combat
 + Level 2.6(1.3) Spellcasting
 + Level 4.8(2.4) Conjurations
 + Level 2.5(1.2) Invocations


You had 8 spell levels left.
You knew the following spells:

 Your Spells              Type           Power      Damage    Failure   Level
a - Magic Dart            Conj           44%        1d5       6%          1

Your spell library contained the following spells:

 Spells                   Type           Power      Damage    Failure   Level
 Searing Ray              Conj           22%        2d5       10%         2
 Dazzling Flash           Conj/Hex       12%        N/A       30%         3
 Fulminant Prism          Conj/Hex       3%         3d5       71%         4
 Iskenderun's Mystic Bla  Conj/Tloc      6%         2d4       71%         4


Dungeon Overview and Level Annotations

Branches:
Dungeon (4/15)
 Temple: D:4-7

Altars:
Ashenzari
Dithmenos
Hepliaklqana
Sif Muna

Shops:
D:1 ?


Innate Abilities, Weirdness & Mutations

Your plain brown scales are hard. (AC +5)
You cannot fit into any form of body armour.
You are cold-blooded and may be slowed by cold attacks.


Message History

The magic dart hits the jelly.
The jelly is almost dead.
The jelly closely misses you.
An ufetubus comes into view.
You hit the jelly. The acid corrodes you!
Your hands burn!
The jelly is almost dead.
The jelly closely misses you.
You hit the jelly.
You kill the jelly!
Magic courses through your body. The ufetubus hits you. x2
A goblin comes into view. It is wielding a +0 club.
An orc comes into view. It is wielding a +0 short sword.
You are too injured to fight recklessly!
You are too injured to fight recklessly!
You are too injured to fight recklessly!
You are too injured to fight recklessly!
You are too injured to fight recklessly!
You are too injured to fight recklessly!
You are too injured to fight recklessly!
The ufetubus hits you but does no damage. x2
The ufetubus closely misses you. The ufetubus barely misses you.
Your magical contamination has completely faded away.
As you read the scroll labelled MEPNIFF WURCH, it crumbles to dust.
A profound silence engulfs you.
It was a scroll of silence.
The ufetubus barely misses you. The ufetubus misses you.
The endoplasm freezes you.
You are frozen.
A kobold comes into view. It is wielding a +0 short sword.
The ufetubus hits you but does no damage.
The ufetubus misses you. The endoplasm freezes you.
You are frozen.
The ufetubus attacks as you move away! The ufetubus hits you.
* * * LOW HITPOINT WARNING * * *
The ufetubus hits you.
* * * LOW HITPOINT WARNING * * *
The ufetubus misses you. The ufetubus hits you.
* * * LOW HITPOINT WARNING * * *
The ufetubus hits you.
You die...

######.####
######.5@.......
#......####..#.#
..###...o.J# #
....K.g....#
.###......#
#....<.#
######.......
####.### #


You could see an orc, an ufetubus and a goblin.

Vanquished Creatures
  A jelly (D:4)
  5 adders
  An ufetubus (D:4)
  3 worms
  3 dart slugs
  An orc (D:3)
  6 endoplasms
  3 giant cockroaches
  7 goblins
  12 hobgoblins
  3 jackals (D:2)
  6 quokkas
  5 ball pythons
  5 bats (D:2)
  4 frilled lizards
  4 kobolds
  6 rats
75 creatures vanquished.

Notes
Turn   | Place    | Note
-------+----------+-------------------------------------------
     0 | D:1      | tio the Draconian Conjurer began the quest for the Orb.
     0 | D:1      | Reached XP level 1. HP: 14/14 MP: 3/3
    50 | D:1      | Found Xipturol's Magic Scroll Boutique.
   126 | D:1      | Found a faded altar of an unknown god.
   137 | D:1      | Prayed at the altar of an unknown god.
   137 | D:1      | Became a worshipper of Sif Muna the Loreminder
   137 | D:1      | Reached * piety under Sif Muna
   373 | D:1      | Reached XP level 2. HP: 8/20 MP: 5/5
   957 | D:2      | Reached XP level 3. HP: 26/27 MP: 1/6
  1005 | D:2      | Reached skill level 1 in Invocations
  1171 | D:2      | Identified the +0 ring mail of the Wasteland {MP+9}
  1282 | D:2      | Reached skill level 1 in Throwing
  1349 | D:2      | Reached XP level 4. HP: 34/34 MP: 7/7
  1726 | D:3      | Found a broken altar of Ashenzari.
  1743 | D:3      | Fell from the grace of Sif Muna
  1743 | D:3      | Became a worshipper of Ashenzari the Shackled
  1839 | D:3      | Found a hazy altar of Hepliaklqana.
  1841 | D:3      | Found a shadowy altar of Dithmenos.
  1844 | D:3      | Noticed a shadow
  1860 | D:3      | Fell from the grace of Ashenzari
  1860 | D:3      | Became a worshipper of Dithmenos the Shadowed
  2173 | D:3      | Fell from the grace of Dithmenos
  2173 | D:3      | Became a worshipper of Hepliaklqana the Forgotten
  2317 | D:4      | Reached XP level 5. HP: 25/39 MP: 2/8
  2340 | D:4      | Slain by an ufetubus

Illustrated notes

Levels and vault maps discovered:
D:1:      evilmike_arrival_crescent, layout_loops_ring, serial_shops,
          nicolae_shop_trees, shapermc_ecumenical_altar_mp_ritualfount,
          minmay_quantized
D:2:      layout_rooms
D:3:      layout_basic, riverfiend_overflow_shadow_ancestor,
          cheibrodos_ashenzari_chains, minmay_misc_feat_five
D:4:      layout_loops_cross, okawaru_metal_pillars_1_2,
          minmay_temple_entry_sparse_star

Skill      XL: |  1  2  3  4 |
---------------+-------------+-----
Invocations    | 1 2 |  2.5
Throwing       | 1 |  1.3
Dodging        | 2 |  2.2
Fighting       | |  0.8
Maces & Flails | |  0.2
Staves         | |  0.2
Stealth        | |  1.9
Unarmed Combat | |  0.1
Spellcasting   | |  2.6
Conjurations   | |  4.8

Action                   |  1- 3 |  4- 6 || total
-------------------------+-------+-------++-------
Melee: Unarmed           |    37 |       ||    37
       Tailslap          |     8 |     1 ||     9
       Punch             |     2 |       ||     2
       Club              |    43 |     1 ||    44
       Quarterstaff      |       |    10 ||    10
Throw: Boomerang         |    35 |       ||    35
       Dart              |    19 |       ||    19
 Cast: Magic Dart        |    48 |    99 ||   147
Invok: Channel Magic     |    13 |     4 ||    17
  Use: Scroll            |     4 |     2 ||     6
       Potion            |       |     1 ||     1
Armor: Skin              |    39 |    10 ||    49
Dodge: Dodged            |   111 |    24 ||   135

Table legend: (Time is in decaauts)
 A = Elapsed time spent in this place.
 B = Non-inter-level travel time spent in this place.
 C = Inter-level travel time spent in this place.
 D = Time resting spent in this place.
 E = Time spent auto-exploring this place.
 F = Levels seen in this place.
 G = Mean time per level.
                   A        B        C        D        E       F      G
               +--------+--------+--------+--------+--------+-----+--------+
         Total |   2365 |   1968 |    397 |      0 |   1382 |   4 |  591.2 |
       Dungeon |   2365 |   1968 |    397 |      0 |   1382 |   4 |  591.2 |
               +--------+--------+--------+--------+--------+-----+--------+

Top non-repeatable levels by time:
     D:1: 949 daAuts
     D:3: 817 daAuts
     D:2: 556 daAuts
     D:4: 41 daAuts
